 Dungeon Crawl Stone Soup version 0.24-a0-779-g36f0aeb (webtiles) character file.

Game seed: 654492273321128299, levelgen mode: deterministic

126 2tousent the Slasher (level 4, -3/39 HPs)
             Began as a Minotaur Monk on Oct 7, 2019.
             Killed by divine providence
             ... invoked by an orc priest
              (11 damage)
             ... on level 3 of the Dungeon.
             The game lasted 00:04:13 (1488 turns).

2tousent the Slasher (Minotaur Monk)                Turns: 1488, Time: 00:04:13

Health: -3/39      AC:  6    Str: 15    XL:     4   Next: 83%
Magic:  3/3        EV: 12    Int:  7    God:
Gold:   129        SH:  0    Dex: 14    Spells: 3/3 levels left

rFire    . . .     SeeInvis .   a - +1 falchion
rCold    . . .     Gourm    .   (no shield)
rNeg     . . .     Faith    .   g - +1 ring mail
rPois    .         Spirit   .   (helmet restricted)
rElec    .         Reflect  .   (no cloak)
rCorr    .         Harm     .   (no gloves)
MR       .....                  (no boots)
Stlth    +.........             (no amulet)
HPRegen  0.13/turn              d - ring of wizardry
MPRegen  0.08/turn              (no ring)

@: no status effects
A: retaliatory headbutt, horns 2
a: no special abilities


You were on level 3 of the Dungeon.
You were hungry.

You visited 1 branch of the dungeon, and saw 3 of its levels.

You collected 129 gold pieces.

Inventory:

Hand Weapons
 a - a +1 falchion (weapon)
Armour
 b - a +0 robe
 g - a +1 ring mail (worn)
Jewellery
 d - a ring of wizardry (left hand)
Scrolls
 e - a scroll of enchant weapon
 f - 4 scrolls of identify
 k - a scroll of blinking
 l - a scroll of enchant armour
Potions
 j - a potion of curing
 n - a potion of agility {unknown}
 o - a potion of berserk rage {unknown}
Comestibles
 c - 6 rations


   Skills:
 - Level 3.6 Fighting
 * Level 6.8 Long Blades
 - Level 3.2 Dodging
 - Level 1.5 Stealth


You had 3 spell levels left.
You didn't know any spells.
Your spell library was empty.

Dungeon Overview and Level Annotations

Branches:
Dungeon (3/15)

Altars:


Innate Abilities, Weirdness & Mutations

You reflexively headbutt those who attack you in melee.
You have a pair of horns on your head.


Message History

The orc priest miscasts a cantrip.
The orc priest closely misses you. You furiously retaliate!
You headbutt the orc priest, but do no damage.
You completely miss the orc priest.
The orc priest is lightly wounded.
The orc priest hits you with a +0 whip.
The orc priest casts a cantrip, but nothing happens.
You slash the orc priest!
The orc priest is heavily wounded.
The orc priest looks satisfied for a moment.
The orc priest mumbles some strange prayers to Beogh against you.
Pain shoots through your body!
* * * LOW HITPOINT WARNING * * *
The orc priest calls upon Beogh to heal the orc priest.
The orc priest is healed somewhat.
You hit the orc priest.
The orc priest is heavily wounded.
The orc priest calls down the wrath of Beogh upon you.
Beogh smites you!
You die...

.....S............ ...
........<### !..# .. ...
.....r†....# #..## .. ...
......##.#.# #...##.. ...
........##.####.#...#########.
......!.......................
......####.###..###....... ...
.... #..#....>..###..#####
......#####.o@.#...>..##......
....<..oo######......## ##
.####....# ###.....####
......... ##...#....#
...##........ ......###... ..
#.....o.oo###...# #.## .
#.........# #...# #.#
########### #...###.##
#.........


You could see 3 orc priests.

Vanquished Creatures
  Terence (D:2)
  3 gnolls (D:2)
  An adder (D:2)
  2 oozes (D:2)
  2 worms
  A leopard gecko (D:2)
  An orc (D:3)
  5 giant cockroaches
  6 goblins
  5 hobgoblins
  4 kobolds
  2 quokkas
  4 bats
  A frilled lizard (D:1)
  7 rats
45 creatures vanquished.

Notes
Turn   | Place    | Note
-------+----------+-------------------------------------------
     0 | D:1      | 2tousent the Minotaur Monk began the quest for the Orb.
     0 | D:1      | Reached XP level 1. HP: 19/19 MP: 0/0
   287 | D:1      | Reached skill level 4 in Long Blades
   418 | D:1      | Reached XP level 2. HP: 23/26 MP: 1/1
   555 | D:2      | Noticed Terence
   557 | D:2      | Reached skill level 5 in Long Blades
   574 | D:2      | Killed Terence
   574 | D:2      | Reached XP level 3. HP: 15/31 MP: 2/2
   928 | D:2      | Reached skill level 6 in Long Blades
   928 | D:2      | Reached XP level 4. HP: 37/39 MP: 3/3
  1488 | D:3      | Killed from afar by an orc priest

Levels and vault maps discovered:
D:1:      ebering_hopf_link, layout_basic
D:2:      layout_loops_ring, uniq_terence
D:3:      layout_rooms, cheibrodos_sewer_entry_bend, first_ration,
          minmay_misc_feat_cross

Skill      XL: |  1  2  3 |
---------------+----------+-----
Long Blades    | 4 5 6 |  6.8
Fighting       | |  3.6
Dodging        | |  3.2
Stealth        | |  1.5

Action                   |  1- 3 |  4- 6 || total
-------------------------+-------+-------++-------
Melee: Falchion          |    62 |    38 ||   100
       Headbutt          |    14 |     8 ||    22
  Use: Scroll            |       |     6 ||     6
       Potion            |       |     1 ||     1
  Eat: Chunk             |       |     1 ||     1
Armor: Ring mail         |    16 |     8 ||    24
Dodge: Dodged            |    36 |    26 ||    62
       Rpst.: Falchion   |     6 |     6 ||    12

Table legend:
 A = Non-vault XP
 B = Vault XP
 C = Vault XP percentage of total XP
 D = Non-vault monster count
 E = Vault monster count
 F = Vault count percentage of total count
                 A         B        C        D         E       F
            +---------+---------+-------+---------+---------+-------
      Total |     144 |      36 |  20.0 |      44 |       1 |   2.2
            +---------+---------+-------+---------+---------+-------
        D:1 |      14 |       0 |   0.0 |       9 |       0 |   0.0
        D:2 |     114 |      36 |  24.0 |      28 |       1 |   3.4
        D:3 |      16 |       0 |   0.0 |       7 |       0 |   0.0
            +---------+---------+-------+---------+---------+-------
